 Dungeon Crawl Stone Soup version 0.22.0-60-ga52c2fc (webtiles) character file.

180 Starchild the Bolt Thrower (level 5, -7/29 HPs)
             Began as a Kobold Arcane Marksman on Sept 9, 2018.
             Killed by divine providence
             ... invoked by an orc priest
              (12 damage)
             ... on level 3 of the Dungeon on Sept 10, 2018.
             The game lasted 00:10:52 (3302 turns).

Starchild the Bolt Thrower (Kobold Arcane Marksman) Turns: 3302, Time: 00:10:52

Health: -7/29      AC:  2    Str:  7    XL:     5   Next: 91%
Magic:  6/6        EV: 15    Int: 16    God:
Gold:   102        SH:  0    Dex: 15    Spells: 3/6 levels left

rFire    . . .     SeeInvis .   j - +0 dagger
rCold    + . .     Gourm    .   (shield restricted)
rNeg     . . .     Faith    .   e - +0 robe
rPois    .         Spirit   .   (no helmet)
rElec    .         Reflect  .   (no cloak)
rCorr    .         Harm     .   (no gloves)
MR       .....     Rnd*Tele +   (no boots)
Stlth    +.........             (no amulet)
HPRegen  0.09/turn              i - ring of protection from cold
MPRegen  0.10/turn              o - ring of teleportation (curse)

@: lethally poisoned (-7 -> -15)
A: small, carnivore
a: no special abilities


You were on level 3 of the Dungeon.
You were not hungry.

You visited 1 branch of the dungeon, and saw 3 of its levels.

You collected 102 gold pieces.

Inventory:

Hand Weapons
 a - a +0 hand crossbow
 j - a +0 dagger (weapon)
Missiles
 g - 3 tomahawks (quivered)
 l - 42 stones
 p - a throwing net
Armour
 e - a +0 robe (worn)
Jewellery
 i - a ring of protection from cold (left hand)
 o - a cursed ring of teleportation (right hand)
Scrolls
 c - 2 scrolls of identify
 h - a scroll of magic mapping
 k - a scroll of fear {unknown}
 n - a scroll of random uselessness {unknown}
Potions
 b - a potion of agility
 d - a potion of curing {unknown}
 m - a potion of ambrosia {unknown}
Comestibles
 f - 3 rations


   Skills:
 - Level 1.1 Fighting
 * Level 0.2 Short Blades
 - Level 5.6 Crossbows
 - Level 2.4 Dodging
 - Level 1.1 Spellcasting
 + Level 4.3 Hexes


You had 3 spell levels left.
You knew the following spells:

 Your Spells              Type           Power        Failure   Level  Hunger
a - Corona                Hex            ##.....      3%          1    ##.....
b - Slow                  Hex            ##......     6%          2    ###....

Your spell library contained the following spells:

 Spells                   Type           Power        Failure   Level  Hunger
 Inner Flame              Hex/Fire       #.......     28%         3    ####...
 Portal Projectile        Hex/Tloc       #.....       28%         3    ####...
 Cause Fear               Hex            ##........   36%         4    #####..
 Leda's Liquefaction      Hex/Erth       #.........   67%         4    #####..


Dungeon Overview and Level Annotations

Branches:
Dungeon (3/15)

Altars:


Innate Abilities, Weirdness & Mutations

You are small and have problems with some larger weapons.
You are carnivorous and can eat meat at any time.


Message History

The orc priest is severely wounded.
The orc priest stops glowing.
The orc priest misses you. The worker ant closely misses you.
You hit the orc priest but do no damage.
The orc priest is severely wounded.
The orc priest hits you but does no damage.
The worker ant barely misses you.
You hit the orc priest.
The orc priest is severely wounded.
The worker ant closely misses you.
The orc priest hits you but does no damage.
You hit the orc priest.
The orc priest is almost dead.
The worker ant bites you.
* * * LOW HITPOINT WARNING * * *
You are lethally poisoned!
The worker ant poisons you!
The orc priest mumbles some strange prayers to Beogh against you.
Beogh smites you!
You die...

##.≈≈ #...# #####.##.
#≈≈≈≈ #...# #........
)≈≈≈≈ #...######...♣....
#≈≈≈( #...........♣.♣...
##.≈≈
###....####..♣._.♣.. #
.≈≈ #......[......♣.♣...
#####
####..............♣....
..#
#...(oa................
###
..#.###@...##.#.........
# #.........###..##.
#...###.#####.## #...#
#...o...#
#####...###########
#............
#.###...##### ###.#
#...# #...###.#.##..


You could see a worker ant and an orc priest.

Vanquished Creatures
  An orc priest (D:3)
  4 gnolls (D:2)
  5 adders
  2 worms (D:2)
  3 dart slugs
  A leopard gecko (D:2)
  7 orcs
  2 ball pythons
  2 giant cockroaches
  5 goblins
  2 hobgoblins (D:1)
  5 kobolds
  A quokka (D:2)
  6 bats
  3 frilled lizards (D:1)
  6 rats
55 creatures vanquished.

Notes
Turn   | Place    | Note
-------+----------+-------------------------------------------
     0 | D:1      | Starchild the Kobold Arcane Marksman began the quest for
                  | the Orb.
     0 | D:1      | Reached XP level 1. HP: 12/12 MP: 2/2
   122 | D:1      | Reached XP level 2. HP: 16/16 MP: 3/3
   604 | D:1      | Reached skill level 3 in Crossbows
   636 | D:1      | Reached XP level 3. HP: 20/20 MP: 4/4
   648 | D:1      | Learned a level 2 spell: Slow
  1197 | D:2      | Reached XP level 4. HP: 16/25 MP: 3/5
  1521 | D:2      | Reached skill level 4 in Crossbows
  1573 | D:2      | Reached XP level 5. HP: 16/29 MP: 6/6
  1986 | D:2      | Reached skill level 5 in Crossbows
  2943 | D:3      | Found a faded altar of an unknown god.
  3302 | D:3      | Killed from afar by an orc priest

Skill      XL: |  1  2  3  4  5 |
---------------+----------------+-----
Crossbows      | 3 4 5 |  5.6
Hexes          | 4 |  4.3
Fighting       | |  1.1
Short Blades   | |  0.2
Dodging        | |  2.4
Spellcasting   | |  1.1

Action                   |  1- 3 |  4- 6 || total
-------------------------+-------+-------++-------
Melee: Dagger            |    18 |    94 ||   112
 Fire: Hand crossbow     |    60 |    63 ||   123
Throw: Tomahawk          |       |     3 ||     3
 Cast: Corona            |     4 |    10 ||    14
       Slow              |       |     2 ||     2
  Use: Scroll            |     2 |       ||     2
  Eat: Chunk             |     2 |     6 ||     8
Armor: Robe              |     2 |     7 ||     9
Dodge: Dodged            |    36 |   114 ||   150
